 Dungeon Crawl Stone Soup version 0.27-a0-1312-g5cdb2b3542 (webtiles) character file.

Game seed: 5353858223567220533

121 Demosthentine the Poker (level 5, 0/41 HPs)
             Began as a Merfolk Gladiator on June 20, 2021.
             Slain by Grinder (3 damage)
             ... while paralysed by Grinder
             ... on level 3 of the Dungeon.
             The game lasted 00:03:33 (2532 turns).

Demosthentine the Poker (Merfolk Gladiator)         Turns: 2532, Time: 00:03:34

Health: 0/41       AC:  8    Str: 15    XL:     5   Next: 5%
Magic:  5/5        EV:  2    Int:  7    God:
Gold:   159        SH:  0    Dex: 16    Spells: 4/4 levels left

rFire    . . .     SeeInvis .   a - +0 trident
rCold    . . .     Faith    .   (no shield)
rNeg     . . .     Spirit   .   b - +0 leather armour
rPois    .         Reflect  .   c - +0 helmet
rElec    .         Harm     .   (no cloak)
rCorr    .         Rampage  .   (no gloves)
Will     +....                  (no boots)
Stlth    +.........             (no amulet)
HPRegen  0.13/turn              f - ring of willpower
MPRegen  0.09/turn              j - +4 ring of protection

@: paralysed
A: (nimble swimmer 2), mertail
a: no special abilities


You were on level 3 of the Dungeon.
You visited 1 branch of the dungeon, and saw 3 of its levels.

You collected 159 gold pieces.

Inventory:

Hand Weapons
 a - a +0 trident (weapon)
Missiles
 d - 3 throwing nets (quivered)
Armour
 b - a +0 leather armour (worn)
 c - a +0 helmet (worn)
Jewellery
 f - a ring of willpower (left hand)
 j - a +4 ring of protection (right hand)
Potions
 e - a potion of might
 g - a potion of haste {unknown}
 h - a potion of flight {unknown}


   Skills:
 + Level 3.3 Fighting
 + Level 5.5 Polearms
 - Level 2.0 Throwing
 + Level 1.4 Armour
 + Level 5.0 Dodging


You had 4 spell levels left.
You didn't know any spells.
Your spell library was empty.

Dungeon Overview and Level Annotations

Branches:
Dungeon (3/15)

Altars:
Gozag

Annotations:
D:3 Grinder


Innate Abilities, Weirdness & Mutations

((You are quick and stealthy near water. (Stealth+, EV+, Speed+++)))
Your lower body shifts to a powerful aquatic tail in water.


Message History

27 arrows; 11 gold pieces You closely miss Grinder.
Grinder is severely wounded.
Grinder says, "Wait up."
Grinder closely misses you.
You hit Grinder but do no damage.
Grinder is severely wounded.
Grinder hits you.
You barely miss Grinder.
Grinder is severely wounded.
Grinder blinks!
Reach: a) +0 trident
Press: ? - help, Dir - move target, f - Grinder
Aim: Grinder (severely wounded, about 42% to evade your +0 trident)
You reach to attack!
You barely miss Grinder.
Grinder is severely wounded.
Unknown command.
You closely miss Grinder.
Grinder is severely wounded.
Grinder misses you.
You closely miss Grinder.
Grinder is severely wounded.
Grinder barely misses you.
You hit Grinder.
Grinder is severely wounded.
Grinder closely misses you.
You closely miss Grinder.
Grinder is severely wounded.
Grinder misses you.
You hit Grinder.
Grinder is severely wounded.
Grinder gestures at you.
You suddenly lose the ability to move!
Grinder hits you but does no damage. Grinder hits you.
You writhe in agony.
* * * LOW HITPOINT WARNING * * *
Grinder hits you.
* * * LOW HITPOINT WARNING * * *
You writhe in agony.
You die...

#.# ##.## #...#
#...# #...# #
#...####.#
#........#
#....$...#
#(@.....##
#.5..#### #....#
###....# #.#....#
#.##.#.## #
#.......# ##.#
........#.##.#
...
.#####..#.##.####


You could see Grinder.

Vanquished Creatures
  Robin (D:3)
  5 adders
  5 worms (D:2)
  An orc (D:2)
  5 bats
  An endoplasm (D:1)
  2 giant cockroaches
  7 hobgoblins
  3 jackals (D:2)
  4 ball pythons
  2 frilled lizards
  10 goblins
  A kobold (D:2)
  3 rats
50 creatures vanquished.

Notes
Turn   | Place    | Note
-------+----------+-------------------------------------------
     0 | D:1      | Demosthentine the Merfolk Gladiator began the quest for the
                  | Orb.
     0 | D:1      | Reached XP level 1. HP: 16/16 MP: 1/1
   134 | D:1      | Reached XP level 2. HP: 23/23 MP: 2/2
   221 | D:1      | Found a faded altar of an unknown god.
   456 | D:2      | Reached XP level 3. HP: 20/28 MP: 3/3
   538 | D:2      | Reached skill level 5 in Polearms
   919 | D:2      | Reached skill level 1 in Armour
  1072 | D:1      | Reached XP level 4. HP: 24/34 MP: 4/4
  1602 | D:2      | Found an opulent altar of Gozag.
  2249 | D:3      | Noticed Robin
  2260 | D:3      | Killed Robin
  2265 | D:3      | Reached skill level 5 in Dodging
  2413 | D:3      | Reached XP level 5. HP: 40/41 MP: 5/5
  2500 | D:3      | Noticed Grinder
  2529 | D:3      | Paralysed by Grinder for 5 turns
  2532 | D:3      | Slain by Grinder

Illustrated notes

Levels and vault maps discovered:
D:1:      nzn_arrival_crosshair, layout_rooms, ebering_ecumenical_altar_ruins
D:2:      layout_loops_cross, minmay_misc_feat_x, minmay_hexomino_r4
D:3:      layout_loops_cross, slow_altar_1, serial_aquarium,
          aquarium_bridge_long_joined [aquarium_subvault_window,
          aquarium_subvault_bridge, aquarium_subvault_wall,
          aquarium_subvault_bridge, aquarium_subvault_bridge,
          aquarium_subvault_wall], aquarium_window_corridor_2,
          aquarium_window_1, aquarium_window_fake, aquarium_view_2c,
          aquarium_pool_double, uniq_robin, uniq_grinder

Skill      XL: |  1  2  3  4 |
---------------+-------------+-----
Polearms       | 5 |  5.5
Armour         | 1 |  1.4
Fighting       | 3 |  3.3
Dodging        | 5 |  5.0
Throwing       | |  2.0

Action                   |  1- 3 |  4- 6 || total
-------------------------+-------+-------++-------
Melee: Trident           |   102 |   133 ||   235
Throw: Throwing net      |       |     3 ||     3
  Use: Scroll            |     1 |     2 ||     3
       Potion            |       |     1 ||     1
 Stab: Sleeping          |     1 |       ||     1
Armor: Leather armour    |    35 |    30 ||    65
Dodge: Dodged            |    79 |    61 ||   140

Table legend: (Time is in decaauts)
 A = Elapsed time spent in this place.
 B = Non-inter-level travel time spent in this place.
 C = Inter-level travel time spent in this place.
 D = Time resting spent in this place.
 E = Time spent auto-exploring this place.
 F = Levels seen in this place.
 G = Mean time per level.
                   A        B        C        D        E       F      G
               +--------+--------+--------+--------+--------+-----+--------+
         Total |   2542 |   2517 |     25 |     85 |   1961 |   3 |  847.3 |
       Dungeon |   2542 |   2517 |     25 |     85 |   1961 |   3 |  847.3 |
               +--------+--------+--------+--------+--------+-----+--------+

Top non-repeatable levels by time:
     D:2: 1442 daAuts
     D:1: 809 daAuts
     D:3: 290 daAuts
